 Dungeon Crawl Stone Soup version 0.31-a0-662-g684573625c (webtiles) character file.

Game seed: 7242814371993110140

1374 2FriedEggs the Changeling (level 8, -2/80 HPs)
             Began as an Ogre Shapeshifter on Sept 1, 2023.
             Was a Follower of Cheibriados.
             Splashed by a jelly's acid (6 damage)
             ... on level 6 of the Dungeon.
             The game lasted 00:12:54 (4963 turns).

2FriedEggs the Changeling (Ogre Shapeshifter)       Turns: 4963, Time: 00:12:55

Health: -2/80      AC: -5    Str: 24    XL:     8   Next: 66%
Magic:  8/8        EV: 10    Int: 14    God:    Cheibriados [*.....]
Gold:   295        SH:  0    Dex: 11    Spells: 7/7 levels left

rFire   . .          .
                       - Unarmed
rCold   . . .        (shield currently unavailable)
rNeg    . . .        a - +0 animal skin
rPois   .            (helmet restricted)
rElec   .            (no cloak)
rCorr   .            (gloves unavailable)
SInv    .            (boots unavailable)
Will    .....        o - amulet of regeneration
Stlth   +            (no ring)
HPRegen 1.13/turn    (no ring)
MPRegen 0.11/turn

%: no passive effects
@: lethally poisoned (-2 -> -3), flux-form, corroded, glowing, very slow
A: glow, contaminating, reduced hp, large, unfitting armour, tough skin 1
a: Begin Untransformation, Renounce Religion, Bend Time


You were on level 6 of the Dungeon.
You worshipped Cheibriados.
Cheibriados was aware of your devotion.
You were something dangerously unstable.
You visited 2 branches of the dungeon, and saw 7 of its levels.

You collected 295 gold pieces.

Inventory:

Missiles
 l - 5 javelins (quivered)
Armour
 a - a +0 animal skin (worn)
 g - a +0 buckler
 r - a +0 hat
Jewellery
 o - an amulet of regeneration (around neck)
 t - an amulet of guardian spirit
 v - a ring of resist corrosion
Talismans
 c - a beast talisman
 d - a flux talisman (active)
 w - a maw talisman
Wands
 b - a wand of flame (15)
 y - a wand of acid (8)
Scrolls
 e - a scroll of immolation
 f - a scroll of vulnerability {unknown}
 i - 3 scrolls of teleportation
 j - a scroll of enchant weapon {unknown}
 k - a scroll of torment {unknown}
 m - a scroll of enchant armour {unknown}
 p - 2 scrolls of identify {unknown}
 s - 2 scrolls of brand weapon {unknown}
 u - a scroll of noise {unknown}
 x - a scroll of poison {unknown}
 z - a scroll of summoning
Potions
 h - 2 potions of brilliance
 n - 3 potions of enlightenment {unknown}
 q - a potion of berserk rage {unknown}


   Skills:
 + Level 6.0 Fighting
 - Level 1.7 Dodging
 * Level 6.5 Unarmed Combat
 * Level 6.7 Shapeshifting


You had 7 spell levels left.
You didn't know any spells.
Your spell library contained the following spells:

 Spells                   Type           Power      Damage    Failure   Level
 Wereblood                Tmut           0%         N/A       41%         2
 Inner Flame              Hex/Fire       0%         N/A       65%         3
 Flame Wave               Conj/Fire      0%         2d4       96%         4
 Sticky Flame             Conj/Fire      0%         2d3       96%         4
 Irradiate                Conj/Tmut      0%         3d11      100%        5


Dungeon Overview and Level Annotations

Branches:
Dungeon (6/15)             Temple (1/1) D:4

Altars:
Cheibriados
Dithmenos
Elyvilon
Fedhas
Gozag
Hepliaklqana
Kikubaaqudgha
Makhleb
Nemelex Xobeh
Qazlal
Sif Muna
Trog
Uskayaw
Vehumet
Wu Jian
Xom
Yredelemnul
The Shining One

Shops:
D:1 =

Annotations:
D:4 3 runed translucent doors, ranchalot's ghost, amateur DrCj


Innate Abilities, Weirdness & Mutations

You are something dangerously unstable.
You glow with magical radiation, making you easy to see and hit.
Foes you strike become dangerously contaminated with magical radiation.
Your maximum health is decreased, since you lack skill for your form.
You are incapable of wielding weapons or throwing items.
You are too large for most types of armour.
You have tough skin. (AC +1)


Message History

The scorpion stings you.
You are poisoned.
The scorpion poisons you! The hound bites you.
You punch the hound!
The hound shudders as magic cascades through it!
You kill the hound!
Cheibriados appreciates the change of pace.
You feel sick. The jelly hits you.
You are splashed with acid!
The scorpion stings you.
You are more poisoned.
The scorpion poisons you!
You hit the scorpion.
The scorpion begins to glow.
The scorpion is lightly wounded.
You feel sick. The scorpion stings you. The jelly hits you.
The acid corrodes you!
You are splashed with acid.
You barely miss the scorpion.
The scorpion is lightly wounded.
You feel sick. The scorpion stings you. The jelly hits you.
The acid corrodes you!
You are splashed with acid!
* * * LOW HITPOINT WARNING * * *
You hit the scorpion.
The scorpion glows dangerously bright.
The scorpion is moderately wounded.
You feel sick. The scorpion barely misses you. The jelly hits you.
* * * LOW HITPOINT WARNING * * *
You are splashed with acid!
* * * LOW HITPOINT WARNING * * *
You hit the scorpion.
The scorpion shudders as magic cascades through it!
You kill the scorpion!
Cheibriados thoroughly appreciates the change of pace.
You feel sick. The jelly barely misses you.
Your Fighting skill increases to level 6!
You barely miss the jelly.
You feel sick. The jelly barely misses you.
You hit the jelly.
The jelly begins to glow.
Your hands burn!
* * * LOW HITPOINT WARNING * * *
The jelly is moderately wounded.
You feel sick. The jelly hits you.
* * * LOW HITPOINT WARNING * * *
You are splashed with acid.
You die...

#####.##### .####
..........# #....) #
..........##........# ##
~P........#..........### #.
~.~.....................##.
.~~P...!............# #....
~~♣.................###....
~.~........................
≈~~.......B...........# ###
~~......>J#........## ###
.~~#..####..........# ###..
~~~... #..........###...#
~~P##. #..............###
.. #>.........##### .
#..........# . ##.........#
## ##.?....#.(.


You could see a jelly (contam).

Vanquished Creatures
  Duvessa (D:4)
  2 ice beasts (D:6)
  2 ogres (D:5)
  A phantom (D:3)
  2 bullfrogs
  3 scorpions
  Dowan (D:4)
  A centaur zombie (D:4)
  An orc priest (D:4)
  A hound (D:6)
  A gnoll bouda (D:6)
  Terence (D:2)
  A sleepcap (D:6)
  3 iguanas
  2 orc wizards (D:6)
  5 gnolls (D:6)
  6 adders
  A shadow imp (D:6)
  A white imp (D:5)
  3 adder zombies (D:4)
  3 worms
  3 dart slugs
  2 orcs (D:6)
  3 bats
  4 endoplasms
  4 giant cockroaches
  5 goblins
  5 hobgoblins
  4 jackals (D:1)
  6 kobolds
  4 quokkas
  5 ball pythons
  2 frilled lizards
  2 rats
91 creatures vanquished.

Notes
Turn   | Place    | Note
-------+----------+-------------------------------------------
     0 | D:1      | 2FriedEggs the Ogre Shapeshifter began the quest for the
                  | Orb.
     0 | D:1      | Reached XP level 1. HP: 19/19 MP: 1/1
   176 | D:1      | Reached XP level 2. HP: 28/28 MP: 2/2
   199 | D:1      | Found a faded altar of an unknown god.
   448 | D:1      | Reached XP level 3. HP: 35/35 MP: 3/3
   473 | D:1      | Found Beon's Jewellery Shoppe.
  1296 | D:2      | Noticed Terence
  1384 | D:2      | Killed Terence
  1385 | D:2      | Reached XP level 4. HP: 28/44 MP: 4/4
  1944 | D:3      | Noticed a phantom
  1973 | D:3      | Killed a phantom
  1974 | D:3      | Reached XP level 5. HP: 36/53 MP: 5/5
  2487 | D:4      | Noticed Dowan
  2487 | D:4      | Noticed Duvessa
  2836 | D:4      | Reached XP level 6. HP: 59/61 MP: 6/6
  2868 | D:4      | Found a basalt altar of Yredelemnul.
  3038 | D:4      | Found a staircase to the Ecumenical Temple.
  3049 | D:4      | Found a burning altar of Makhleb.
  3049 | D:4      | Noticed a blizzard demon
  3053 | Temple   | Entered the Ecumenical Temple
  3138 | Temple   | Became a worshipper of Cheibriados the Contemplative
  3186 | D:4      | Found a runed translucent gate.
  3186 | D:4      | Found a runed translucent gate.
  3187 | D:4      | Found a runed translucent gate.
  3190 | D:4      | Noticed ranchalot's ghost (amateur DrCj)
  3221 | D:4      | Killed Duvessa
  3222 | D:4      | Reached skill level 5 in Shapeshifting
  3472 | D:4      | Killed Dowan
  3473 | D:4      | Reached XP level 7. HP: 70/70 MP: 7/7
  3529 | D:4      | Reached skill level 5 in Unarmed Combat
  3918 | D:5      | Entered Level 5 of the Dungeon
  3932 | D:5      | Found a blossoming altar of Fedhas.
  4258 | D:5      | Found a sparkling altar of Nemelex Xobeh.
  4266 | D:5      | Found a glowing golden altar of the Shining One.
  4437 | D:5      | Reached skill level 5 in Fighting
  4437 | D:5      | Reached XP level 8. HP: 46/80 MP: 8/8
  4581 | D:6      | Reached * piety under Cheibriados
  4963 | D:6      | HP: 4/80 [jelly (2)]
  4963 | D:6      | Splashed by a jelly's acid

Illustrated notes

Levels and vault maps discovered:
D:1:      dpeg_arrival_tiny_c, layout_loops_ring,
          hellmonk_ecumenical_altar_dog_temple, serial_shops, shop
D:2:      layout_loops_cross, uniq_terence
D:3:      minmay_wonky_spiral, layout_basic
D:4:      layout_basic, nicolae_yredelemnul_corpse_copse,
          makhleb_altar_promises_db, minmay_temple_entry_proselytizer,
          gammafunk_ghost_necromancy, hangedman_abyss_or_decor_lesser_grid,
          uniq_duvessa
D:5:      layout_basic, mainiacjoe_overflow_catwalk,
          mainiacjoe_overflow_six_doors_small, nemelex_diamond_rough_becter
D:6:      layout_rooms, mainiacjoe_overflow_surrounded_room, serial_bayou,
          serial_bayou_pond_c, serial_bayou_crossing, serial_bayou_pond_b,
          serial_bayou_lagoon_a, minmay_misc_feat_alley
Temple:   hellmonk_temple_forest_ring

Skill      XL: |  1  2  3  4  5  6  7  8 |
---------------+-------------------------+-----
Unarmed Combat | 3 4 5 6 |  6.5
Fighting       | 2 3 4 5 6 |  6.0
Shapeshifting  | 4 5 6 |  6.7
Dodging        | |  1.7

Action                     |  1- 3 |  4- 6 |  7- 9 || total
---------------------------+-------+-------+-------++-------
  Melee: Unarmed           |   135 |   144 |   122 ||   401
         Punch             |     2 |     2 |       ||     4
    Use: Potion            |       |     4 |     2 ||     6
         Scroll            |       |     4 |       ||     4
 Armour: Animal skin       |    72 |   104 |    92 ||   268
         Skin              |       |     9 |       ||     9
  Dodge: Dodged            |    54 |    35 |    51 ||   140
   Form: Flux              |       |       |     1 ||     1

Table legend: (Time is in decaauts)
 A = Elapsed time spent in this place.
 B = Non-inter-level travel time spent in this place.
 C = Inter-level travel time spent in this place.
 D = Time resting spent in this place.
 E = Time spent auto-exploring this place.
 F = Levels seen in this place.
 G = Mean time per level.
                   A        B        C        D        E       F      G
               +--------+--------+--------+--------+--------+-----+--------+
         Total |   5363 |   5126 |    237 |    649 |   3248 |   7 |  766.1 |
       Dungeon |   5264 |   5054 |    210 |    628 |   3248 |   6 |  877.3 |
        Temple |     99 |     73 |     26 |     21 |      0 |   1 |   99.0 |
               +--------+--------+--------+--------+--------+-----+--------+

Top non-repeatable levels by time:
     D:4: 1619 daAuts
     D:3: 867 daAuts
     D:2: 793 daAuts
     D:1: 765 daAuts
     D:5: 668 daAuts
     D:6: 549 daAuts
  Temple: 99 daAuts
